[Event "Early-Titled-Tuesday-Blitz-April-02-2024"]
[Site "Chess.com"]
[Date "2024.04.02"]
[Round "5"]
[White "tetrix83"]
[Black "shimastream"]
[Result "0-1"]
[WhiteElo "2622"]
[BlackElo "3000"]
[TimeControl "180+1"]
[EndTime "8:54:20 PDT"]
[Termination "shimastream won by resignation"]

1. Nf3 d5 2. g3 b6 3. Bg2 Bb7 4.
O-O e6 5. d3 Nf6 6. Nbd2 c5 7.
e4 Nc6 8. Re1 Be7 9. Nf1 dxe4 10. dxe4 Qxd1 11. Rxd1 Nxe4 12. Ne3 Rd8 13. Rxd8+ Nxd8 14. a4 O-O 15. a5 Nc6 16. Nc4 b5 17. Nfe5 Nd4 18. a6 Bd5 19. Ne3 Ba8 20. f3 Nf6 21.
Kf2 Rc8 22. Bd2 Nd5 23. f4 Nxe3 24. Bxe3 Bxg2 25. Bxd4 cxd4 26. Kxg2 Rxc2+ 27. Kf3 f6 28. Nd3 Bd8 29. h4 Kf7 30. Ke4 Bb6 31. Ra3 Re2+ 32.
Kf3 Re3+ 33. Kf2 e5 0-1

[Event "Early-Titled-Tuesday-Blitz-April-02-2024"]
[Site "Chess.com"]
[Date "2024.04.02"]
[Round "5"]
[White "akanga001"]
[Black "tomesao"]
[Result "0-1"]
[WhiteElo "2130"]
[BlackElo "2553"]
[TimeControl "180+1"]
[EndTime "8:54:20 PDT"]
[Termination "tomesao won by checkmate"]

1. d4 d5 2. c4 e6 3. Nc3 Nf6 4.
cxd5 exd5 5. Bg5 c6 6. e3 Be7 7. Qc2 h6 8. Bh4 O-O 9. Bd3 Re8 10. Nge2 Nbd7 11. O-O Nf8 12. Rab1 Bd7 13. b4 Rc8 14.
Na4 b6 15. a3 Ne6 16. Rfc1 Ng5 17. Ba6 Rc7 18. Bg3 Nge4 19. Bxc7 Qxc7 20. b5 Ng4 21.
Ng3 c5 22. Nxe4 Qxh2+ 23. Kf1 dxe4 24. Qxe4 Bg5 25. Qd5 Rxe3 26. fxe3 Nxe3+ 27. Ke2 Bg4+ 28. Kd3 Nxd5 29. dxc5 Bf5+ 30. Kc4 Ne3+ 31. Kb4 Qf4+ 32. Kb3 Be6+ 33. Kb2 Bf6+ 34. Nc3 Nc4+ 35. Kc2 Qd2+ 36. Kb3 Na5+ 37. Kb4 Qd4# 0-1

[Event "Early-Titled-Tuesday-Blitz-April-02-2024"]
[Site "Chess.com"]
[Date "2024.04.02"]
[Round "5"]
[White "Kratos031"]
[Black "VeraVujovic"]
[Result "0-1"]
[WhiteElo "2484"]
[BlackElo "2236"]
[TimeControl "180+1"]
[EndTime "8:54:21 PDT"]
[Termination "VeraVujovic won by resignation"]

1. d4 d5 2. c4 dxc4 3. Nf3 Nf6 4. e3 e6 5. Bxc4 c5 6. O-O a6 7. Re1 Nc6 8. a4 Be7 9. Nc3 O-O 10. b3 b6 11. Bb2 Bb7 12. Rc1 Rc8 13. Qe2 cxd4 14.
exd4 Nxd4 15. Nxd4 Qxd4 16. Nd5 Qc5 17. Nxe7+ Qxe7 18.
Bxa6 Bxa6 19. Qxa6 Rxc1 20. Rxc1 Qb4 21. Qb5 Qxb5 22.
axb5 Nd5 23. Rc6 h6 24. g3 Ra8 25. Bd4 Ra5 26. Bxb6 Rxb5 27. Bd4 Rxb3 28. Rc8+ Kh7 29. Rd8 Rd3 30. Be5 Rd1+ 31. Kg2 Ne3+ 32. fxe3 Rxd8 33. Kf3 Kg6 34. h4 f6 35. Bd4 e5 36. Bc3 Rd3 37.
Bb4 h5 38. Ke4 Rb3 0-1

[Event "Early-Titled-Tuesday-Blitz-April-02-2024"]
[Site "Chess.com"]
[Date "2024.04.02"]
[Round "5"]
[White "Casper"]
[Black "Mariia89"]
[Result "1-0"]
[WhiteElo "2503"]
[BlackElo "2277"]
[TimeControl "180+1"]
[EndTime "8:54:24 PDT"]
[Termination "Casper won by resignation"]

1. e4 c6 2. g3 d5 3. exd5 cxd5 4. Bg2 Nf6 5. Nf3 Nc6 6. d4 Bf5 7. O-O e6 8. Re1 Be7 9. c3 O-O 10. Nbd2 Rb8 11. a4 a6 12. Ne5 Nxe5 13. dxe5 Nd7 14. c4 d4 15. Nb3 d3 16. Be3 b5 17. axb5 axb5 18. cxb5 Rxb5 19. Nd4 Rxe5 20. Nc6 Qc7 21. Nxe7+ Kh8 22. Nxf5 Rxf5 23. Qxd3 Nf6 24. Bd4 Ng4 25. h3 Nh6 26. Be4 Rh5 27. Rec1 Qe7 28. Ra7 Qg5 29. Rc5 f5 30. Rxg7 Qxg7 31. Rc7 Nf7 32.
Bxg7+ Kxg7 33. Bf3 Rxh3 34. Qd4+ Kg8 35. b4 Rh6 36. b5 e5 37. Qc5 e4 38. Be2 Rg6 39. b6 f4 40. Bc4 fxg3 41. Bxf7+ Rxf7 42. Rxf7 gxf2+ 43. Kxf2 Kxf7 44. b7 1-0

[Event "Early-Titled-Tuesday-Blitz-April-02-2024"]
[Site "Chess.com"]
[Date "2024.04.02"]
[Round "5"]
[White "RodTwinkz"]
[Black "SuperJesus88"]
[Result "0-1"]
[WhiteElo "2700"]
[BlackElo "2535"]
[TimeControl "180+1"]
[EndTime "8:54:26 PDT"]
[Termination "SuperJesus88 won by resignation"]

1. e4 e6 2. Nc3 d5 3. f4 Nf6 4.
e5 Nfd7 5. Nf3 c5 6. g3 Nc6 7. Bh3 g6 8. O-O h5 9. d3 Be7 10. Ne2 b5 11. d4 Bb7 12. c3 b4 13. Rf2 a5 14. Be3 Qb6 15. Bf1 Ba6 16. Nc1 Bxf1 17. Qxf1 c4 18. Ne2 a4 19. a3 bxa3 20. bxa3 Na5 21. h3 Nb3 22. Ra2 O-O-O 23. Ne1 Nb8 24. Nc2 Na6 25. Nb4 Nc7 26. Kg2 Nb5 27. Qd1 Kb7 28. Qc2 Bxb4 29. axb4 a3 30. Nc1 Nxc1 31. Bxc1 Ra8 32. Rf3 Qa6 33. Qf2 Qa4 34. g4 hxg4 35. hxg4 Qd1 36. Qg1 Qxg1+ 37. Kxg1 Rh4 38. Rg3 Rah8 39. Bd2 Rh1+ 40. Kf2 R8h2+ 41. Rg2 Rxg2+ 42. Kxg2 Rb1 0-1

[Event "Early-Titled-Tuesday-Blitz-April-02-2024"]
[Site "Chess.com"]
[Date "2024.04.02"]
[Round "5"]
[White "Msb2"]
[Black "Tugrik1969"]
[Result "1-0"]
[WhiteElo "3014"]
[BlackElo "2548"]
[TimeControl "180+1"]
[EndTime "8:54:28 PDT"]
[Termination "Msb2 won on time"]

1. d4 d5 2. c4 e6 3. Nc3 a6 4.
e4 dxe4 5. Nxe4 Bb4+ 6. Nc3 c5 7. a3 Ba5 8. Nf3 Nf6 9. Be3 Ne4 10. Qc2 Nxc3 11. bxc3 cxd4 12. Nxd4 e5 13. Nb3 Nc6 14.
Rd1 Qc7 15. Bc5 Nd4 16. Bxd4 exd4 17. Rxd4 Be6 18. Be2 O-O 19. O-O Rac8 20. Nxa5 Qxa5 21. Qb2 Rc7 22. Qb4 Qe5 23. Bf3 Rfc8 24. Bxb7 Rxc4 25. Bxc8 Rxc8 26. Qd6 Qg5 27. f4 Qf6 28. f5 Bc4 29.
Qxf6 gxf6 30. Rfd1 Kg7 31. Rg4+ Kf8 32. Rd6 Be2 33.
Re4 Bb5 34. Re3 Kg7 35. Rg3+ Kf8 36. Rxf6 Rc5 37. h4 Ke7 38. Rh6 Rxf5 39. Rxh7 Rf1+ 40.
Kh2 Ra1 41. Rf3 Bc4 42. h5 Rxa3 43. h6 Ra5 44. Rh8 Rh5+ 45. Rh3 Rg5 46. h7 Bd5 47.
Rg8 1-0

[Event "Early-Titled-Tuesday-Blitz-April-02-2024"]
[Site "Chess.com"]
[Date "2024.04.02"]
[Round "5"]
[White "joselito22"]
[Black "ajedrezsinlimites"]
[Result "0-1"]
[WhiteElo "2195"]
[BlackElo "2552"]
[TimeControl "180+1"]
[EndTime "8:54:28 PDT"]
[Termination "ajedrezsinlimites won by resignation"]

1. e4 c6 2. d4 d5 3. exd5 cxd5 4. Bd3 Nf6 5. c3 Nc6 6. Bf4 Bg4 7. Qb3 Na5 8. Qa4+ Bd7 9. Qc2 Qb6 10. Nd2 Bb5 11. Ngf3 Rc8 12. Bxb5+ Qxb5 13. Nb3 e6 14. Nxa5 Qxa5 15. O-O Be7 16. Ne5 O-O 17. Nd3 Qb6 18. Qb3 Qa6 19. Rad1 Rfd8 20. Bg5 b6 21. Rfe1 h6 22.
Bxf6 Bxf6 23. Re3 Qc4 24. Qxc4 Rxc4 25. Kf1 a5 26. Ke2 Rdc8 27. Kd2 b5 28. a3 b4 29.
axb4 axb4 30. Ne5 Bxe5 31. dxe5 bxc3+ 32. Rxc3 Rxc3 33. bxc3 Rc4 34. f3 g5 35. Rb1 Ra4 36.
Rb2 Ra1 37. Ke3 Rc1 38. Kd3 Kg7 39. h3 h5 40. Re2 Kg6 41. Re3 Kf5 42. g4+ hxg4 43.
hxg4+ Kf4 44. Kd2 Rd1+ 45. Ke2 Re1+ 46. Kxe1 Kxe3 0-1

[Event "Early-Titled-Tuesday-Blitz-April-02-2024"]
[Site "Chess.com"]
[Date "2024.04.02"]
[Round "5"]
[White "Likvidator228"]
[Black "MarcoRiehle"]
[Result "0-1"]
[WhiteElo "2565"]
[BlackElo "2779"]
[TimeControl "180+1"]
[EndTime "8:54:30 PDT"]
[Termination "MarcoRiehle won on time"]

1. d4 d5 2. Bf4 h5 3. e3 e5 4. Bxe5 f6 5. Bd3 fxe5 6. Bg6+ Kd7 7. dxe5 c6 8. Bxh5 Kc7 9. Be2 Qg5 10. Nf3 Qxg2 11.
Rg1 Qh3 12. Nc3 Bf5 13. Qd4 Nd7 14. O-O-O Bc5 15. Qf4 g6 16. e4 dxe4 17. Nxe4 Bxe4 18. Qxe4 Ne7 19. e6 Nf8 20. Qe5+ Kb6 21. Rd3 a5 22.
Rb3+ Bb4 23. a3 Qxe6 24. Qxe6 Nxe6 25. axb4 Nd5 26. bxa5+ Kc7 27. Rxg6 Ndf4 28. Rxe6 Nxe6 29. Bd3 Rxa5 30. Rc3 Rf8 31. Be2 Nf4 32. Kd2 Rd5+ 33. Rd3 Nxd3 0-1

[Event "Early-Titled-Tuesday-Blitz-April-02-2024"]
[Site "Chess.com"]
[Date "2024.04.02"]
[Round "5"]
[White "djano"]
[Black "Radzio1987"]
[Result "0-1"]
[WhiteElo "2668"]
[BlackElo "2901"]
[TimeControl "180+1"]
[EndTime "8:54:34 PDT"]
[Termination "Radzio1987 won by checkmate"]

1. e4 c6 2. d4 d5 3. exd5 cxd5 4. Bd3 Nc6 5. c3 e6 6. Bf4 Bd6 7. Bxd6 Qxd6 8. Nf3 Nge7 9. Nbd2 O-O 10. Bxh7+ Kxh7 11. Ng5+ Kg6 12. Ndf3 f6 13. Qd3+ Nf5 14. g4 fxg5 15.
gxf5+ Rxf5 16. Rg1 Kf6 17. h4 Qf4 18. hxg5+ Ke7 19. Rg3 Bd7 20. Kf1 Raf8 21. Re1 Kd8 22. Qb5 Kc7 23. Qc5 Kb8 24. g6 Qc7 25. Re3 Bc8 26. Ng5 Rxf2+ 27. Kg1 b6 28. Qa3 Qf4 29.
Nf7 Rf1+ 30. Kg2 Qf2+ 31. Kh3 Rh1+ 32. Kg4 Qf5# 0-1

[Event "Early-Titled-Tuesday-Blitz-April-02-2024"]
[Site "Chess.com"]
[Date "2024.04.02"]
[Round "5"]
[White "whiteglovethief"]
[Black "Mikhail_Bryakin"]
[Result "1-0"]
[WhiteElo "2563"]
[BlackElo "2881"]
[TimeControl "180+1"]
[EndTime "8:54:35 PDT"]
[Termination "whiteglovethief won by resignation"]

1. d4 Nf6 2. c4 c5 3. d5 d6 4. Nc3 e6 5. e4 exd5 6. exd5 g6 7. Bd3 Bg7 8. Nf3 Bg4 9. O-O O-O 10. h3 Bxf3 11. Qxf3 Nbd7 12. Bf4 Ne8 13. Rfe1 Ne5 14. Qg3 Nf6 15. Bxe5 Nh5 16. Bxg7 Nxg3 17. Bxf8 Qxf8 18. fxg3 Re8 19. Nb5 a6 20. Nc3 Kg7 21. Kf2 Re7 22. a4 Qd8 23. Ne4 Re5 24. Re2 h6 25. Kg1 Qb6 26.
a5 Qb3 27. Nxc5 dxc5 28. Rxe5 Qxd3 29. Kh2 Qd4 30. Re7 Qxb2 31. Rf1 h5 32. Rfxf7+ Kh6 33. h4 g5 34. Re6+ 1-0

[Event "Early-Titled-Tuesday-Blitz-April-02-2024"]
[Site "Chess.com"]
[Date "2024.04.02"]
[Round "5"]
[White "frequentblunders"]
[Black "emeli_chess"]
[Result "0-1"]
[WhiteElo "2225"]
[BlackElo "2410"]
[TimeControl "180+1"]
[EndTime "8:54:35 PDT"]
[Termination "emeli_chess won by resignation"]

1. f3 d5 2. e4 dxe4 3. fxe4 e5 4. Nf3 Bc5 5. c3 Nc6 6. b4 Bd6 7. b5 Nce7 8. d4 Ng6 9. Bc4 Nf6 10. Nbd2 O-O 11. O-O h6 12. Qb3 Qe7 13. dxe5 Nxe5 14. Nxe5 Qxe5 15. Nf3 Qxe4 16. Bd2 Qg6 17. Rae1 Qh5 18.
h3 Bxh3 19. gxh3 Qxh3 20. Re2 Bc5+ 21. Be3 Bxe3+ 22. Rxe3 Qg3+ 23. Kh1 Ng4 24. Qc2 Nxe3 0-1

[Event "Early-Titled-Tuesday-Blitz-April-02-2024"]
[Site "Chess.com"]
[Date "2024.04.02"]
[Round "5"]
[White "UK_23"]
[Black "enriquebutti"]
[Result "0-1"]
[WhiteElo "2379"]
[BlackElo "2209"]
[TimeControl "180+1"]
[EndTime "8:54:35 PDT"]
[Termination "enriquebutti won by resignation"]

1. e4 e6 2. d4 d5 3. e5 c5 4. c3 Nc6 5. Nf3 cxd4 6. cxd4 Nge7 7. Na3 Nf5 8. Nc2 Nb4 9. Nxb4 Bxb4+ 10. Bd2 Qb6 11.
a3 Bxd2+ 12. Qxd2 Bd7 13. a4 Rc8 14. Be2 a5 15. O-O Qb4 16. Qxb4 axb4 17. Rfc1 O-O 18. g4 Ne7 19. Bd1 f6 20. b3 Ng6 21.
Bc2 Nf4 22. Kf1 Rc3 23. Bd1 Rfc8 24. Rxc3 bxc3 25. Bc2 Be8 26. Rc1 Bg6 27. Bxg6 hxg6 28. Ne1 Kf7 29. f3 g5 30. Rc2 fxe5 31. dxe5 d4 32. Ng2 d3 33. Rc1 Nxg2 34. Kxg2 d2 0-1

[Event "Early-Titled-Tuesday-Blitz-April-02-2024"]
[Site "Chess.com"]
[Date "2024.04.02"]
[Round "5"]
[White "IMchanged"]
[Black "A-Fier"]
[Result "0-1"]
[WhiteElo "2668"]
[BlackElo "2903"]
[TimeControl "180+1"]
[EndTime "8:54:36 PDT"]
[Termination "A-Fier won by checkmate"]

1. d4 Nf6 2. Nc3 c5 3. d5 g6 4. e4 d6 5. Nf3 Bg7 6. Bb5+ Bd7 7.
a4 O-O 8. O-O Na6 9. h3 Nc7 10.
Be2 a6 11. a5 Bb5 12. Re1 Bxe2 13. Qxe2 Nd7 14. Bf4 f6 15. Bg3 Rb8 16. Nd2 Ne5 17. f4 Nf7 18. Nc4 Nb5 19. Nxb5 axb5 20. Nb6 b4 21. c3 bxc3 22. bxc3 Re8 23. Qc4 Qc7 24. Rab1 Rf8 25. Qb5 Rfd8 26. c4 Bh6 27. Rb2 Bg7 28. Rbe2 Kh8 29. h4 Rg8 30. Kf2 Bh6 31. Qb2 Bg7 32. h5 gxh5 33. Rh1 Bh6 34. Rxh5 Rg4 35. Kf3 Rbg8 36. Rh3 Qd8 37. Re1 Qf8 38. Reh1 Qg7 39. Qf2 Qg6 40. Nd7 Rd8 41. Nb6 Rf8 42. Nd7 Ng5+ 43.
Ke2 Qxe4+ 44. Kd2 Qxc4 45. fxg5 Bxg5+ 46. Ke1 Re4+ 47. Kd1 Qc1# 0-1

[Event "Early-Titled-Tuesday-Blitz-April-02-2024"]
[Site "Chess.com"]
[Date "2024.04.02"]
[Round "5"]
[White "ExchangeAB"]
[Black "kereswasbest"]
[Result "1-0"]
[WhiteElo "2464"]
[BlackElo "2254"]
[TimeControl "180+1"]
[EndTime "8:54:37 PDT"]
[Termination "ExchangeAB won by resignation"]

1. d4 d5 2. Bf4 Bf5 3. e3 c6 4. c4 e6 5. Qb3 Qb6 6. c5 Qxb3 7. axb3 Bxb1 8. Rxb1 Nd7 9. b4 a6 10. f3 Ne7 11. Kd2 Ng6 12. Bg3 e5 13. Bd3 f6 14. Ne2 Be7 15. e4 dxe4 16. Bxe4 O-O-O 17.
Kc3 exd4+ 18. Nxd4 Ngf8 19. Nf5 Ng6 20. Nxg7 f5 21.
Nxf5 Bf6+ 22. Kc2 Be5 23. Nd6+ Bxd6 24. Bxd6 Nh4 25. Be7 Nxg2 26. Bxd8 Rxd8 27. Kb3 h5 28. Bf5 Ne3 29. Bh3 Rf8 30. Rbc1 Rxf3 31. Bxd7+ Kxd7 32. Rc3 Kc7 33. Re1 Nf5 34. Rxf3 Nd4+ 35. Kc4 Nxf3 36. Re7+ Kd8 37. Rxb7 Nxh2 38. Rh7 Ng4 39. Rxh5 Ne3+ 40. Kb3 Kc7 41. Rh7+ Kb8 42. Ka4 Nc4 43. b3 Nd2 44.
Ka5 Nxb3+ 45. Kb6 Kc8 46. Kxc6 Nd4+ 47. Kb6 Nc2 48. c6 Kd8 49. c7+ 1-0

[Event "Early-Titled-Tuesday-Blitz-April-02-2024"]
[Site "Chess.com"]
[Date "2024.04.02"]
[Round "5"]
[White "Elegance_Riks"]
[Black "Iball95"]
[Result "1/2-1/2"]
[WhiteElo "2784"]
[BlackElo "2940"]
[TimeControl "180+1"]
[EndTime "8:54:38 PDT"]
[Termination "Game drawn by repetition"]

1. e4 c5 2. c3 e6 3. d4 d5 4.
exd5 exd5 5. Nf3 Nf6 6. Bb5+ Nc6 7. O-O Be7 8. dxc5 Bxc5 9. Re1+ Be6 10. Nd4 O-O 11.
Bxc6 bxc6 12. Bf4 Ne4 13. Nd2 Qb6 14. Nxe4 Bxd4 15. Qxd4 dxe4 16. Qxb6 axb6 17. a4 f5 18. b4 Ra6 19. a5 bxa5 20. bxa5 Rfa8 21. Bc7 Kf7 22.
Bb6 Bc4 23. f3 Bd3 24. Kf2 Re8 25. Ra4 Raa8 26. Rd4 Re7 27. Bc5 Rb7 28. Bb6 Re7 29.
h4 g6 30. Rd6 Re6 31. Rd7+ Re7 32. Rd4 Re6 33. Rd7+ Re7 34. Rd6 Re6 35. Rd7+ 1/2-1/2

[Event "Early-Titled-Tuesday-Blitz-April-02-2024"]
[Site "Chess.com"]
[Date "2024.04.02"]
[Round "5"]
[White "Kostya0705"]
[Black "NigiriSushies"]
[Result "1-0"]
[WhiteElo "2560"]
[BlackElo "2299"]
[TimeControl "180+1"]
[EndTime "8:54:39 PDT"]
[Termination "Kostya0705 won by checkmate"]

1. e4 c5 2. Nf3 d6 3. d4 cxd4 4. Nxd4 Nf6 5. Nc3 a6 6. h4 e5 7.
Nb3 Be6 8. f4 Qc7 9. f5 Bc4 10.
g4 h5 11. g5 Ng4 12. Bd2 Nd7 13. Qf3 Rc8 14. O-O-O b5 15. Bxc4 Qxc4 16. a3 Nb6 17. Kb1 Be7 18. Rhf1 f6 19. g6 O-O 20. Rg1 Rfd8 21.
Na5 Qc7 22. Rc1 Kf8 23. Nb3 Qc4 24. Na5 Qc7 25. Nd5 Nxd5 26. exd5 Re8 27. Nc6 Qb7 28.
Rxg4 hxg4 29. Qxg4 Rxc6 30. dxc6 Qxc6 31. h5 Qd5 32. h6 gxh6 33. Bxh6+ Kg8 34. Qh5 Bf8 35. Rh1 Rc8 36. Bxf8 Kxf8 37. Qh8+ Qg8 38. Qxf6+ Ke8 39. Rh7 Qc4 40. Qe7# 1-0

[Event "Early-Titled-Tuesday-Blitz-April-02-2024"]
[Site "Chess.com"]
[Date "2024.04.02"]
[Round "5"]
[White "margarita_2703"]
[Black "LeoLV10"]
[Result "0-1"]
[WhiteElo "2319"]
[BlackElo "2520"]
[TimeControl "180+1"]
[EndTime "8:54:39 PDT"]
[Termination "LeoLV10 won by resignation"]

1. e4 c6 2. d4 d5 3. e5 Bf5 4. Ne2 e6 5. Ng3 Bg6 6. h4 h5 7. c4 Nd7 8. Nc3 Be7 9. cxd5 cxd5 10. Nge2 Nh6 11. Nf4 Nf5 12. Nxg6 fxg6 13. g3 O-O 14.
Bg2 Qb6 15. Ne2 Bb4+ 16. Bd2 Nxd4 17. O-O Nxe2+ 18. Qxe2 Bxd2 19. Qxd2 Nxe5 20. Rfe1 Nc4 21. Qc2 Rf6 22. b3 Na3 23. Qd2 Nb5 24. Rac1 Raf8 25.
Re2 Nd4 26. Re3 Nf3+ 27. Bxf3 Rxf3 28. Rxf3 Rxf3 29. Kg2 Rf8 30. Re1 Rf6 31. f4 Rf8 32. Qd3 Kf7 33. Re5 Qd8 34. Qe3 b6 35. Rxe6 Re8 36.
Re5 Qd7 37. Qd4 Rxe5 38. fxe5 Ke6 39. g4 Qb5 40. gxh5 Qe2+ 41. Kg3 gxh5 42. Qc3 Qxe5+ 0-1

[Event "Early-Titled-Tuesday-Blitz-April-02-2024"]
[Site "Chess.com"]
[Date "2024.04.02"]
[Round "5"]
[White "gpsji27"]
[Black "Dewarfd"]
[Result "1-0"]
[WhiteElo "2319"]
[BlackElo "2112"]
[TimeControl "180+1"]
[EndTime "8:54:39 PDT"]
[Termination "gpsji27 won on time"]

1. d4 Nf6 2. Nf3 g6 3. Nc3 d5 4. Bf4 Bg7 5. e3 O-O 6. Be2 c5 7. Ne5 cxd4 8. exd4 Nc6 9. h4 h5 10. Qd2 Nxe5 11. Bxe5 Ne4 12. Nxe4 Bxe5 13. dxe5 dxe4 14. Qf4 Bf5 15. g4 Qa5+ 16. c3 Bxg4 17. Bxg4 hxg4 18. Qxe4 Rfd8 19. O-O Qb6 20. Qxg4 Qxb2 21. e6 1-0

[Event "Early-Titled-Tuesday-Blitz-April-02-2024"]
[Site "Chess.com"]
[Date "2024.04.02"]
[Round "5"]
[White "Ginger_GM"]
[Black "Kotofeyca"]
[Result "1-0"]
[WhiteElo "2627"]
[BlackElo "2496"]
[TimeControl "180+1"]
[EndTime "8:54:41 PDT"]
[Termination "Ginger_GM won on time"]

1. e4 c5 2. Be2 Nc6 3. f4 g6 4. Nf3 Bg7 5. O-O e6 6. d3 d5 7. c3 Nge7 8. Na3 O-O 9. Qe1 b6 10. Nc2 Ba6 11. Rb1 dxe4 12. dxe4 Bxe2 13. Qxe2 Qc7 14.
h4 h5 15. Ng5 Rfd8 16. Ne3 Qd6 17. f5 exf5 18. exf5 Nd5 19. fxg6 fxg6 20. Nf7 Qe7 21. Nxd8 Rxd8 22. Qf2 Rf8 23. Qg3 Rxf1+ 24. Nxf1 Qe4 25. Ra1 Be5 26. Qf3 Qc4 27. Nd2 Qf4 28. Qxd5+ Kg7 29.
Nf3 1-0

[Event "Early-Titled-Tuesday-Blitz-April-02-2024"]
[Site "Chess.com"]
[Date "2024.04.02"]
[Round "5"]
[White "Chernov_Alexander_A"]
[Black "AsaHoffmann"]
[Result "0-1"]
[WhiteElo "2210"]
[BlackElo "2400"]
[TimeControl "180+1"]
[EndTime "8:54:41 PDT"]
[Termination "AsaHoffmann won on time"]

1. d4 Nf6 2. Nf3 d6 3. Nc3 c6 4. e4 Bg4 5. Be2 e6 6. h3 Bh5 7. Nh4 Bxe2 8. Qxe2 Be7 9. Nf3 d5 10. O-O a6 11. Bf4 O-O 12. Rad1 b5 13. e5 Nfd7 14. Nb1 c5 15. c3 Nc6 16. Rfe1 Rc8 17. Nbd2 c4 18.
Nf1 b4 19. Ng3 Qa5 20. Qe3 Qxa2 21. Nh5 Qxb2 22. Rc1 bxc3 23. Nh2 c2 24. Nf3 Nb4 25. Bh6 g6 26. Bg5 Qb3 27. Qf4 Nd3 28. Qh4 Bb4 29. Nf6+ Nxf6 30. Bxf6 h5 31. Qg5 Kh7 32. Qh4 Rh8 33. Ng5+ Kg8 0-1

[Event "Early-Titled-Tuesday-Blitz-April-02-2024"]
[Site "Chess.com"]
[Date "2024.04.02"]
[Round "5"]
[White "Shield12"]
[Black "MarkusRagger"]
[Result "1-0"]
[WhiteElo "3022"]
[BlackElo "2714"]
[TimeControl "180+1"]
[EndTime "8:54:42 PDT"]
[Termination "Shield12 won by resignation"]

1. e4 e5 2. Nf3 Nc6 3. Bc4 Nf6 4. d3 d5 5. exd5 Nxd5 6. O-O Nb6 7. Bb5 Bd6 8. Bxc6+ bxc6 9. Nxe5 Bxe5 10. Re1 Qe7 11. Kh1 Bb7 12. f4 O-O-O 13. Qg4+ Nd7 14. Rxe5 Qd6 15.
Nc3 Kb8 16. Re1 Nf6 17. Qg5 c5 18. Be3 Qc6 19. Re2 Nd5 20. Rae1 f6 21. Qg3 Nxc3 22. bxc3 h5 23. h3 h4 24. Qf2 Rh5 25. Rb1 Kc8 26. c4 Re8 27. Bd2 Rd8 28. Re7 g6 29. Qe2 Rf5 30. Ba5 Rd7 31. Re6 Qa4 32. Re8+ Rd8 33. Qe6+ Qd7 34. Qxd7+ Kxd7 35. Rxd8+ Kxd8 36. Rxb7 1-0

[Event "Early-Titled-Tuesday-Blitz-April-02-2024"]
[Site "Chess.com"]
[Date "2024.04.02"]
[Round "5"]
[White "Zkid"]
[Black "TrompeterImEther"]
[Result "1-0"]
[WhiteElo "2888"]
[BlackElo "2543"]
[TimeControl "180+1"]
[EndTime "8:54:43 PDT"]
[Termination "Zkid won by resignation"]

1. e4 e5 2. Nf3 Nc6 3. Bb5 a6 4.
Ba4 Nf6 5. O-O Be7 6. Re1 O-O 7. Bxc6 bxc6 8. Nxe5 Bb7 9. Nf3 d6 10. d4 Re8 11. c4 Bf8 12. Nc3 Nd7 13. Bg5 Qc8 14.
d5 h6 15. Bf4 a5 16. Nd4 cxd5 17. cxd5 g6 18. Qd2 Kh7 19. Re3 Bg7 20. Bxh6 Ne5 21. Rh3 Qxh3 22. gxh3 Bxh6 23. f4 Rad8 24. Rf1 c5 25. dxc6 Nxc6 26. Nd5 Bg7 27. Nf3 Kg8 28. Re1 Ne7 29. Nc7 Rf8 30. h4 d5 31. e5 Nf5 32.
e6 Rfe8 33. Nxe8 Rxe8 34. exf7+ Kf8 1-0

[Event "Early-Titled-Tuesday-Blitz-April-02-2024"]
[Site "Chess.com"]
[Date "2024.04.02"]
[Round "5"]
[White "tk22h"]
[Black "carloseduar100"]
[Result "1-0"]
[WhiteElo "2402"]
[BlackElo "2193"]
[TimeControl "180+1"]
[EndTime "8:54:43 PDT"]
[Termination "tk22h won by checkmate"]

1. c4 Nf6 2. Nc3 g6 3. e4 Bg7 4. d4 O-O 5. Be2 d6 6. Bg5 c5 7. d5 a6 8. a4 a5 9. Qd2 Na6 10. Nf3 Nb4 11. O-O Bg4 12. Rfe1 Qd7 13. h3 Bxf3 14.
Bxf3 e6 15. Rad1 exd5 16. exd5 Rfe8 17. b3 Qf5 18. Bf4 Rxe1+ 19. Rxe1 Qd3 20. Rd1 Qxd2 21. Bxd2 Re8 22. Nb5 Bf8 23. Bf4 Ne4 24. Bxe4 Rxe4 25. Bxd6 b6 26. Bxf8 Kxf8 27. Rd2 Re1+ 28. Kh2 Rb1 29. d6 Rxb3 30. d7 Nc6 31. d8=Q+ Nxd8 32. Rxd8+ Kg7 33. Rb8 Rb4 34. Rxb6 Rxa4 35. Nd6 Ra2 36. Kg3 Ra3+ 37. f3 Rd3 38. Ne4 Rd4 39. Nxc5 Rxc4 40. Rb5 a4 41. Ra5 h5 42. Nxa4 h4+ 43. Kh2 Rc2 44. Nb6 f6 45. Ra7+ Kh6 46. Nd7 Rc6 47. Nf8 g5 48. Rh7# 1-0

[Event "Early-Titled-Tuesday-Blitz-April-02-2024"]
[Site "Chess.com"]
[Date "2024.04.02"]
[Round "5"]
[White "BashiqChess"]
[Black "Aradhya2000"]
[Result "1/2-1/2"]
[WhiteElo "2491"]
[BlackElo "2752"]
[TimeControl "180+1"]
[EndTime "8:54:44 PDT"]
[Termination "Game drawn by repetition"]

1. Nf3 Nf6 2. b3 d5 3. Bb2 Bf5 4. g3 e6 5. Bg2 Be7 6. O-O h6 7. d3 O-O 8. Nbd2 c6 9. c4 Nbd7 10. a3 a5 11. Qc2 Re8 12. e4 dxe4 13. dxe4 Bg6 14. Ne5 Nxe5 15. Bxe5 Nd7 16. Bc3 Nc5 17. Rad1 Qd3 18. Qb2 Bh5 19. Bxg7 Bxd1 20. Bxh6 Bf8 21. Bxf8 Rxf8 22. Rxd1 Rad8 23. Qe5 Qd4 24. Qg5+ Kh8 25. Qh5+ Kg7 26. Qg5+ Kh8 27. Qh5+ Kg7 28. Qg5+ Kh7 29. Qh5+ Kg7 1/2-1/2

[Event "Early-Titled-Tuesday-Blitz-April-02-2024"]
[Site "Chess.com"]
[Date "2024.04.02"]
[Round "5"]
[White "Let_it_be_1"]
[Black "jk13"]
[Result "0-1"]
[WhiteElo "2552"]
[BlackElo "2709"]
[TimeControl "180+1"]
[EndTime "8:54:44 PDT"]
[Termination "jk13 won by resignation"]

1. e4 e5 2. Nf3 Nc6 3. Bb5 a6 4. Ba4 Nf6 5. d4 exd4 6. O-O b5 7. Bb3 d6 8. Ng5 Ne5 9. f4 Nc4 10. e5 Nd5 11. Qxd4 c6 12. Nd2 Qb6 13. Qxb6 Ndxb6 14. exd6 Bxd6 15. Re1+ Be7 16. a4 h6 17.
axb5 cxb5 18. Nge4 O-O 19. Nxc4 bxc4 20. Ba2 Bb7 21. Be3 Nd5 22. Bc5 Rfe8 23. Bxe7 Rxe7 24. Bxc4 Nxf4 25. Nf6+ Kf8 26. Rxe7 Kxe7 27. Nh5 Nxh5 0-1

[Event "Early-Titled-Tuesday-Blitz-April-02-2024"]
[Site "Chess.com"]
[Date "2024.04.02"]
[Round "5"]
[White "temus_galaktionov"]
[Black "HajiyevKanan"]
[Result "1-0"]
[WhiteElo "2847"]
[BlackElo "2595"]
[TimeControl "180+1"]
[EndTime "8:54:45 PDT"]
[Termination "temus_galaktionov won on time"]

1. d4 d5 2. c4 c6 3. Nf3 Nf6 4. Qb3 a6 5. Nc3 g6 6. Bg5 Bg7 7. e3 e6 8. Bd3 O-O 9. O-O h6 10.
Bh4 Nbd7 11. Rfd1 Qc7 12. Bg3 Qb6 13. c5 Qxb3 14. axb3 Re8 15. b4 Nh5 16. Bd6 e5 17.
Bf1 exd4 18. exd4 Nhf6 19. b5 Ne4 20. bxc6 bxc6 21. Bc7 f5 22. Na2 g5 23. Nb4 Bb7 24. Bxa6 Bxa6 25. Rxa6 Rxa6 26. Nxa6 g4 27. Nh4 Ra8 28.
Nb4 Ra7 29. Bd8 Rb7 30. Ba5 Rb5 31. Nxc6 f4 32. b4 h5 33. Ne7+ Kf7 34. Nxd5 Ndf6 35. Nc7 1-0

[Event "Early-Titled-Tuesday-Blitz-April-02-2024"]
[Site "Chess.com"]
[Date "2024.04.02"]
[Round "5"]
[White "elcala"]
[Black "FredddieCroderg"]
[Result "0-1"]
[WhiteElo "1832"]
[BlackElo "2350"]
[TimeControl "180+1"]
[EndTime "8:54:46 PDT"]
[Termination "FredddieCroderg won on time"]

1. d4 d5 2. Nf3 Nf6 3. Bf4 e6 4.
e3 Bd6 5. Bg3 O-O 6. c3 c5 7. Nbd2 Nc6 8. Ne5 Bxe5 9. dxe5 Nd7 10. f4 d4 11. exd4 cxd4 12. cxd4 Nxd4 13. Be2 Nxe2 14. Qxe2 Nc5 15. O-O Qd3 16. Qxd3 Nxd3 17. b3 b6 18. Rf3 Rd8 19. Nc4 Bb7 20. Re3 Nb4 21. Re2 Ba6 22. Re4 Nc2 23. Rc1 Nd4 24.
Nd6 Ne2+ 25. Rxe2 Bxe2 26. Rc7 Bh5 27. Bh4 Rf8 28. Be7 Rfb8 29. h3 a5 30. g4 Bg6 31.
h4 a4 32. h5 Bb1 33. Nb5 Bxa2 34. bxa4 Rxa4 0-1